 Dungeon Crawl Stone Soup version 0.15.2 (webtiles) character file.

56 kae the Cudgeler (level 3, -1/31 HPs)
             Began as a Minotaur Fighter on Nov 17, 2014.
             Slain by a gnoll
             ... wielding a +0 halberd
              (14 damage)
             ... on Level 4 of the Dungeon.
             The game lasted 00:01:31 (2171 turns).

kae the Cudgeler (Minotaur Fighter)                 Turns: 2171, Time: 00:01:31

HP  -1/31        AC  6     Str 20      XL: 3   Next: 71%
MP   2/2         EV  6     Int  6      God:
Gold 60          SH  9     Dex  9      Spells:  0 memorised,  2 levels left

rFire  . . .     SeeInvis .     b - +4 whip (flame)
rCold  . . .     Clarity  .     D - +0 scale mail
rNeg   . . .     rCorr    .     c - +0 shield
rPois  .         rRot     .     (helmet restricted)
rElec  .         Spirit   .     (no cloak)
SustAb .         Warding  .     (no gloves)
rMut   .         Stasis   .     (no boots)
Gourm  .                        (no amulet)
MR     .....                    (no ring)
                                (no ring)

@: lethally poisoned, not resistant to hostile enchantments, extremely
unstealthy
A: retaliatory headbutt, horns 2
a: no special abilities


You were on level 4 of the Dungeon.
You were hungry.

You visited 1 branch of the dungeon, and saw 4 of its levels.

You collected 132 gold pieces.
You spent 72 gold pieces at shops.

Inventory:

Hand weapons
 a - a +0 flail
 b - a +4 whip of flaming (weapon)
Armour
 c - a +0 shield (worn)
 D - a +0 scale mail (worn)
Magical devices
 s - a wand of magic darts (13) {unknown}
Comestibles
 d - a bread ration
 f - 2 meat rations
 h - 2 beef jerkies
 j - 3 fruits
 B - 3 rotting chunks of jackal flesh
Scrolls
 k - a scroll of noise {unknown}
 n - 2 scrolls of blinking {unknown}
 p - 2 scrolls of remove curse {unknown}
 t - a scroll of recharging {unknown}
 u - a scroll of fear {unknown}
 v - 2 scrolls of teleportation {unknown}
 w - 4 scrolls of enchant armour {unknown}
 x - 2 scrolls of identify {unknown}
 y - a scroll of fog {unknown}
 A - a scroll of magic mapping {unknown}
Jewellery
 g - an uncursed amulet of resist corrosion {unknown}
 l - an uncursed amulet of resist mutation {unknown}
 o - a cursed ring of loudness {unknown}
 q - an uncursed ring of protection from cold {unknown}
 E - an uncursed ring of protection from fire {unknown}
Potions
 e - a potion of might
 i - 3 potions of curing {unknown}
 m - 2 potions of haste {unknown}
 r - a potion of lignification {unknown}
 z - a potion of heal wounds {unknown}
 C - a potion of agility {unknown}


   Skills:
 - Level 3.6 Fighting
 + Level 5.0 Maces & Flails
 - Level 3.6 Armour
 - Level 3.6 Shields


You had 2 spell levels left.
You didn't know any spells.

Dungeon Overview and Level Annotations

Branches:
Dungeon (4/15)
 Temple: D:4-7

Altars:
Sif Muna
Trog
Vehumet

Shops:
D:4 (


Innate Abilities, Weirdness & Mutations

You reflexively headbutt those who attack you in melee.
You have a pair of horns on your head.


Message History

A gnoll comes into view. It is wielding a halberd.
The gnoll shouts!
The gnoll hits you from afar with a runed halberd!
You are poisoned.
There are monsters nearby!
You feel sick. The gnoll closely misses you. You furiously retaliate!
You headbutt the gnoll! You hit the gnoll. You burn the gnoll.
You kill the gnoll!
Your Maces & Flails skill increases to level 5!
You feel sick.
There are monsters nearby!
There are monsters nearby!
You feel sick. The gnoll hits you with a halberd!
Things that are here:
a halberd of venom; a gnoll corpse You hit the gnoll but do no damage.
Your headbutt misses the gnoll.
There are monsters nearby!
You barely miss the gnoll.
You feel sick. The gnoll hits you with a halberd!
You die...

.# .# ### .# #.#
.###########.##
.............>#
#.#...........#
..#.###..##...#
###..##.......######.#
###.............@ggg.#
..)...##......########
............#...#
##..........#.#.#
#<..........#.#...
............#.# ###
.###.##...#.#..
.....##...#.###
..........#.###


You could see 3 gnolls.

Vanquished Creatures
  A gnoll (D:4)
  An adder (D:3)
  An orc (D:4)
  6 bats
  3 giant cockroaches
  4 goblins
  3 hobgoblins
  3 giant geckos
  A giant newt (D:2)
  4 jackals (D:4)
  A jackal skeleton (D:4)
  4 kobolds
  4 rats
36 creatures vanquished.

Notes
Turn   | Place    | Note
--------------------------------------------------------------
     0 | D:1      | kae, the Minotaur Fighter, began the quest for the Orb.
     0 | D:1      | Reached XP level 1. HP: 19/19 MP: 1/1
   679 | D:1      | Reached XP level 2. HP: 26/26 MP: 1/1
  1049 | D:2      | Found a deep blue altar of Sif Muna.
  1175 | D:2      | Found a bloodstained altar of Trog.
  1399 | D:3      | Reached skill level 4 in Maces & Flails
  1399 | D:3      | Reached XP level 3. HP: 29/31 MP: 2/2
  1957 | D:4      | Found a radiant altar of Vehumet.
  1992 | D:4      | Found Chuomyog's Antique Weapon Boutique.
  1996 | D:4      | Bought a runed whip for 72 gold pieces
  2168 | D:4      | Reached skill level 5 in Maces & Flails
  2171 | D:4      | Slain by a gnoll

Action                   || total
-------------------------++-------
Melee: Flail             ||    96
       Whip              ||     8
  Eat: Chunk             ||     3
